 Dungeon Crawl Stone Soup version 0.29-a0-961-gfab03dca74 (webtiles) character file.

Game seed: 15377573914876416721

5 DungeonMaster the Charlatan (level 1, -1/14 HPs)
             Began as a Demonspawn Wanderer on July 30, 2022.
             Slain by a kobold
             ... wielding a +0 whip
              (4 damage)
             ... on level 1 of the Dungeon.
             The game lasted 00:01:00 (1985 turns).

DungeonMaster the Charlatan (Demonspawn Wanderer)   Turns: 1985, Time: 00:01:01

Health: -1/14      AC:  3    Str: 10    XL:     1   Next: 66%
Magic:  2/2        EV: 11    Int: 15    God:
Gold:   0          SH:  0    Dex: 12    Spells: 2/2 levels left

rFire   . . .      SeeInvis .   a - +0 dagger
rCold   . . .      Faith    .   (no shield)
rNeg    . . .      Spirit   .   d - +0 robe
rPois   .          Reflect  .   b - +0 helmet
rElec   .          Harm     .   (no cloak)
rCorr   .          Rampage  .   (no gloves)
Will    .....                   (no boots)
Stlth   +.........              (no amulet)
HPRegen 0.04/turn               (no ring)
MPRegen 0.08/turn               (no ring)

@: no status effects
A: no striking features
a: no special abilities


You were on level 1 of the Dungeon.
You visited 1 branch of the dungeon, and saw 1 of its levels.

Inventory:

Hand Weapons
 a - a +0 dagger (weapon)
Armour
 b - a +0 helmet (worn)
 d - a +0 robe (worn)
Potions
 c - a potion of mutation
Miscellaneous
 e - a phantom mirror (quivered)


   Skills:
 * Level 0.5 Fighting
 - Level 1.0 Throwing
 - Level 1.7 Armour
 - Level 1.0 Dodging
 * Level 1.2 Spellcasting
 * Level 2.1 Conjurations
 - Level 3.0 Evocations


You had 2 spell levels left.
You didn't know any spells.
Your spell library contained the following spells:

 Spells                   Type           Power      Damage    Failure   Level
 Searing Ray              Conj           14%        2d5       16%         2
 Static Discharge         Conj/Air       4%         3-4/arc   24%         2


Dungeon Overview and Level Annotations

Branches:
Dungeon (1/15)

Altars:


Message History

You hit the endoplasm.
You kill the endoplasm!
You enter the shallow water.
Moving in this stuff is going to be slow.
A kobold comes into view. It is wielding a +0 whip.
The kobold shouts!
You start waiting.
A kobold is nearby!
You hit the kobold.
The kobold is heavily wounded.
The kobold splashes around in the water.
You hit the kobold but do no damage.
The kobold is heavily wounded.
The kobold hits you with a +0 whip.
You hit the kobold.
The kobold is severely wounded.
The kobold hits you with a +0 whip.
You hit the kobold but do no damage.
The kobold is severely wounded.
The kobold hits you with a +0 whip.
You closely miss the kobold.
The kobold is severely wounded.
The kobold splashes around in the water.
You barely miss the kobold.
The kobold is severely wounded.
The kobold hits you with a +0 whip.
You barely miss the kobold.
The kobold is severely wounded.
The kobold misses you.
You hit the kobold but do no damage.
The kobold is severely wounded.
The kobold hits you with a +0 whip.
* * * LOW HITPOINT WARNING * * *
You closely miss the kobold.
The kobold is severely wounded.
The kobold hits you but does no damage.
You hit the kobold but do no damage.
The kobold is severely wounded.
The kobold hits you with a +0 whip.
You die...

## ♣ #####P♣ ♣≈≈
#..P♣≈♣♣P≈≈≈
##.♣♣♣PP≈≈P≈≈
##.@♣♣≈≈♣≈PP≈≈
#..K♣≈≈P≈≈≈≈≈≈
#.≈P≈≈♣≈≈≈≈≈≈≈
#.♣≈P≈P≈≈≈≈≈≈≈
##.♣≈≈P≈≈P≈≈≈≈≈
#..#♣♣♣≈≈P≈≈≈≈≈
#....≈P≈PP♣≈≈≈≈ ≈
###...≈♣♣≈≈≈≈≈♣≈≈≈
P
#.##♣≈♣≈♣≈≈P≈≈P♣P


You could see a kobold.

Vanquished Creatures
  A dart slug (D:1)
  An endoplasm (D:1)
  2 rats (D:1)
4 creatures vanquished.

Notes
Turn   | Place    | Note
-------+----------+-------------------------------------------
     0 | D:1      | DungeonMaster the Demonspawn Wanderer began the quest for
                  | the Orb.
     0 | D:1      | DungeonMaster set off with the following items: a +0
                  | dagger, a +0 helmet, a potion of mutation, a +0 robe, a
                  | phantom mirror; and the following spells available to
                  | memorise: Searing Ray, Static Discharge.
     0 | D:1      | Reached XP level 1. HP: 13/13 MP: 2/2
  1985 | D:1      | Slain by a kobold

Illustrated notes

Levels and vault maps discovered:
D:1:      scummos_arrival_forest, layout_rooms,
          shapermc_ecumenical_altar_flowoftime, serial_bayou_lake_a

Action                   || total
-------------------------++-------
Melee: Dagger            ||    35
       Punch             ||     1
Armor: Robe              ||     7
Dodge: Dodged            ||     8

Table legend: (Time is in decaauts)
 A = Elapsed time spent in this place.
 B = Non-inter-level travel time spent in this place.
 C = Inter-level travel time spent in this place.
 D = Time resting spent in this place.
 E = Time spent auto-exploring this place.
 F = Levels seen in this place.
 G = Mean time per level.
                   A        B        C        D        E       F      G
               +--------+--------+--------+--------+--------+-----+--------+
         Total |   1992 |   1992 |      0 |   1870 |     54 |   1 | 1992.0 |
       Dungeon |   1992 |   1992 |      0 |   1870 |     54 |   1 | 1992.0 |
               +--------+--------+--------+--------+--------+-----+--------+

Top non-repeatable levels by time:
     D:1: 1992 daAuts
